 Dungeon Crawl Stone Soup version 0.20-a0-1109-ge3cd172 (webtiles) character file.

145 Wendigo the Chopper (level 5, 0/42 HPs)
             Began as a Deep Dwarf Necromancer on May 5, 2017.
             Slain by Sigmund
             ... wielding a cursed -2 scythe
              (4 damage)
             ... on level 2 of the Dungeon.
             The game lasted 00:08:10 (3010 turns).

Wendigo the Chopper (Deep Dwarf Necromancer)        Turns: 3010, Time: 00:08:10

Health: 0/42       AC:  6    Str: 13    XL:     5   Next: 6%
Magic:  8/14       EV: 11    Int: 15    God:
Gold:   109        SH:  0    Dex: 13    Spells: 3/7 levels left

rFire    . . .     SeeInvis .   e - +0 hand axe
rCold    . . .     Gourm    .   (no shield)
rNeg     . . .     Faith    .   n - +0 ring mail
rPois    .         Spirit   .   (no helmet)
rElec    .         Reflect  .   (no cloak)
rCorr    .         Harm     .   (no gloves)
MR       .....                  q - +0 pair of boots
Stlth    +.........             (no amulet)
Regen    0.0/turn               r - ring of magical power
MPRegen  0.2/turn               (no ring)

@: very slightly contaminated, non-regenerating
A: damage resistance, heal wounds, sense surroundings 1, no regeneration
a: Heal Wounds


You were on level 2 of the Dungeon.
You were not hungry.

You visited 1 branch of the dungeon, and saw 3 of its levels.

You collected 109 gold pieces.

Inventory:

Hand Weapons
 e - a +0 hand axe (weapon)
Armour
 a - a +0 robe
 n - a +0 ring mail (worn)
 q - a +0 pair of boots (worn)
Jewellery
 r - a ring of magical power (left hand)
 t - an uncursed amulet of magic regeneration {unknown}
Scrolls
 f - 2 scrolls of identify {unknown}
 h - 2 scrolls of recharging {unknown}
 i - 2 scrolls of teleportation {unknown}
 k - 2 scrolls of fog {unknown}
 l - a scroll of fear {unknown}
 o - a scroll of amnesia {unknown}
 u - a scroll of remove curse {unknown}
Potions
 g - 3 potions of curing {unknown}
 j - 2 potions of cancellation {unknown}
 p - a potion of heal wounds {unknown}
Books
 b - a book of Necromancy

   Spells                             Type                      Level
   a - Pain                           Necromancy                   1
   b - Animate Skeleton               Necromancy                   1
   c - Vampiric Draining              Necromancy                   3
   d - Regeneration                   Charms/Necromancy            3
   e - Animate Dead                   Necromancy                   4
   f - Control Undead                 Necromancy                   4
Comestibles
 c - 3 bread rations
 d - a meat ration
 m - a royal jelly


   Skills:
 * Level 5.0 Axes
 - Level 2.1 Dodging
 - Level 2.4 Stealth
 - Level 1.7 Spellcasting
 + Level 4.6 Necromancy


You had 3 spell levels left.
You knew the following spells:

 Your Spells              Type           Power        Failure   Level  Hunger
a - Pain                  Necr           ###.         8%          1    ##.....
b - Vampiric Draining     Necr           ###.......   22%         3    ####...


Dungeon Overview and Level Annotations

Branches:
Dungeon (3/15)

Altars:
Elyvilon
Kikubaaqudgha
Trog
Uskayaw
Wu Jian
Xom

Annotations:
D:2 Sigmund


Innate Abilities, Weirdness & Mutations

You are resistant to damage.
You can heal yourself by infusing magical energy.
You passively map a small area around you.
You do not regenerate.


Message History

The orc is severely wounded.
The orc hits you.
You closely miss the orc.
The orc is severely wounded.
Something hits you! The orc hits you.
* * * LOW HITPOINT WARNING * * *
Your ring mail prevents you from hitting the orc.
The orc is heavily wounded.
Something hits you!
* * * LOW HITPOINT WARNING * * *
The orc closely misses you.
Casting: Vampiric Draining
Confirm with . or Enter, or press ? or * to list all spells.
Aiming: Vampiric Draining
Press: ? - help, Shift-Dir - straight line, f - orc
Aim: an orc, wearing a scale mail (heavily wounded)
You kill the orc!
You feel life coursing into your body. Something hits you!
You die...

.# #.........#
#.)..........## .#
#.........# #.#.#.#......# .#
#.........# #.#..........#
.###.........#
#.###.#>....###
.....<.......#
#.###.#........
####.).......#
#........)#####
####†........# ##........#
.......<.....#######.##.#...#
##..............@..[.##.###.#
#.###.#..#############.#
#.#### ##.#
#.#................# #....#
...# #.#.##.#############
####.# #### #.#.###.#### #.#
#.#.####.#.# #.# #.#..####..#
#.# #.#.#.####.# #.#
#.#.##.###.# #.#


There were no monsters in sight!

Vanquished Creatures
  Natasha (D:2)
  Robin (D:2)
  3 adders (D:2)
  3 worms (D:2)
  A dart slug (D:1)
  4 leopard geckos
  An orc (D:2)
  3 giant cockroaches
  12 goblins
  7 hobgoblins
  6 jackals (D:1)
  A quokka (D:2)
  6 bats
  6 frilled lizards
  7 kobolds
  2 rats (D:1)
64 creatures vanquished.

Notes
Turn   | Place    | Note
-------+----------+-------------------------------------------
     0 | D:1      | Wendigo the Deep Dwarf Necromancer began the quest for the Orb.
     0 | D:1      | Reached XP level 1. HP: 15/15 MP: 3/3
   239 | D:1      | Reached skill level 1 in Axes
   430 | D:1      | Reached XP level 2. HP: 16/22 MP: 0/3
   467 | D:1      | Reached skill level 2 in Axes
  1077 | D:1      | Reached XP level 3. HP: 15/28 MP: 1/4
  1082 | D:1      | Learned a level 3 spell: Vampiric Draining
  1127 | D:1      | Reached skill level 3 in Axes
  1766 | D:2      | Noticed Natasha
  1786 | D:2      | Killed Natasha
  1786 | D:2      | Reached skill level 4 in Axes
  1786 | D:2      | Reached XP level 4. HP: 22/36 MP: 1/5
  2183 | D:2      | Found a white marble altar of Elyvilon.
  2404 | D:2      | Found a shimmering altar of Xom.
  2472 | D:2      | Found a bloodstained altar of Trog.
  2473 | D:2      | Found an ancient bone altar of Kikubaaqudgha.
  2473 | D:2      | Found a hide-covered altar of Uskayaw.
  2473 | D:2      | Found an ornate altar of the Wu Jian Council.
  2539 | D:2      | Noticed Robin
  2580 | D:2      | Killed Robin
  2684 | D:2      | Reached XP level 5. HP: 36/42 MP: 5/5
  2962 | D:3      | Noticed Sigmund
  2976 | D:3      | Reached skill level 5 in Axes
  3005 | D:2      | HP: 2/42 [something (9)]
  3010 | D:2      | Slain by Sigmund

Vault maps used:
D:1:      elethiomel_arrival_quiet
D:2:      lemuel_round_altar, overflow_temple_1_default,
          chequers_temple_overflow_statue_of_worship, first_bread, uniq_natasha,
          uniq_robin
D:3:      uniq_sigmund

Skill      XL: |  1  2  3  4  5 |
---------------+----------------+-----
Axes           | 1 2 4 5 |  5.0
Dodging        | |  2.1
Stealth        | |  2.4
Spellcasting   | |  1.7
Necromancy     | |  4.6

Action                   |  1- 3 |  4- 6 || total
-------------------------+-------+-------++-------
Melee: Hand axe          |    83 |   109 ||   192
 Cast: Pain              |    32 |       ||    32
       Vampiric Draining |     7 |    20 ||    27
 Abil: Heal Wounds       |     1 |     1 ||     2
  Use: Scroll            |     1 |       ||     1
  Eat: Chunk             |     5 |     7 ||    12
Armor: Robe              |    13 |       ||    13
       Ring mail         |    20 |    35 ||    55
Dodge: Dodged            |    68 |    74 ||   142
